 Dungeon Crawl Stone Soup version 0.18.1-5-g4a78601 (webtiles) character file.

226 MDvedh the Cutter (level 6, -3/38 HPs)
             Began as a Kobold Monk on May 9, 2016.
             Killed by nerve-wracking pain
             ... invoked by an orc priest
              (13 damage)
             ... on level 4 of the Dungeon.
             The game lasted 00:06:52 (2756 turns).

MDvedh the Cutter (Kobold Monk)                     Turns: 2756, Time: 00:06:53

Health: -3/38      AC:  8    Str:  9    XL:     6   Next: 22%
Magic:  6/6        EV: 17    Int:  8    God:
Gold:   169        SH:  0    Dex: 23    Spells: 0 memorised, 5 levels left

rFire  . . .     SeeInvis .     f - +3 dagger (vamp)
rCold  + . .     Gourm    .     h - +3 leather armour
rNeg   . . .     Faith    .     (shield restricted)
rPois  .         Spirit   .     a - +0 helmet
rElec  .         Dismiss  .     k - +0 cloak
rCorr  .         Reflect  .     (no gloves)
SustAt .         Harm     .     (no boots)
MR     .....                    q - amulet of rage
Stlth  +++.......               s - ring of protection from cold
                                e - +2 ring of dexterity

@: slowed, very slow, not resistant to hostile enchantments, fairly stealthy
A: carnivore 3
a: Evoke Berserk Rage


You were on level 4 of the Dungeon.
You were very full.

You visited 1 branch of the dungeon, and saw 4 of its levels.

You collected 169 gold pieces.

Inventory:

Hand Weapons
 f - a +3 vampiric dagger (weapon)
Armour
 a - a +0 helmet (worn)
 h - a +3 leather armour (worn)
 k - a +0 cloak (worn)
Jewellery
 e - a +2 ring of dexterity (left hand)
 q - an amulet of rage (around neck)
 s - a ring of protection from cold (right hand)
Scrolls
 c - a scroll of identify
 d - a scroll of recharging
 l - a scroll of remove curse
 o - a scroll of teleportation
 p - a scroll of enchant weapon
Potions
 g - 3 potions of haste
 i - a potion of resistance
 m - a potion of curing
 r - 2 potions of brilliance
Comestibles
 b - 2 meat rations


   Skills:
 - Level 3.7 Fighting
 + Level 6.7 Short Blades
 - Level 3.9 Dodging
 - Level 2.6 Stealth
 - Level 4.0 Unarmed Combat


You had 5 spell levels left.
You didn't know any spells.

Dungeon Overview and Level Annotations

Branches:
Dungeon (4/15)
 Temple: D:4-7

Altars:
Qazlal
Trog


Innate Abilities, Weirdness & Mutations

You are small and have problems with some larger weapons.
You are carnivorous and can eat meat at any time.


Message History

Unknown command.
You barely miss the orc priest.
The orc priest is almost dead.
The orc closely misses you. The orc misses you. The orc priest hits you.
* * * LOW HITPOINT WARNING * * *
Unknown command.
Unknown command.
You hit the orc priest but do no damage.
The orc priest is almost dead.
The orc closely misses you. The orc barely misses you.
The orc priest closely misses you.
Unknown command.
Drink which item? (? for menu, Esc to quit)
Okay, then.
You hit the orc priest but do no damage.
The orc priest is almost dead.
The orc barely misses you. The orc completely misses you.
The orc priest mumbles some strange prayers to Beogh against you.
Pain shoots through your body!
You die...

.......
.......
.....?.
....... #
....... .#
....... ##.#
.......##...#
.......oo...#
#+####.#@...#
.......o..o.#
..#.....##.#
#...$.# #
#.....# #. .#
#.....# #.#.#
#.....# #.#.#
#.....#
##.#.####
#.....#


You could see an orc priest, an orc wizard and 2 orcs.

Vanquished Creatures
  An orc priest (D:3)
  Robin (D:2)
  3 gnolls (D:3)
  5 adders
  3 oozes
  A worm (D:3)
  6 dart slugs
  A giant gecko (D:3)
  4 orcs
  6 giant cockroaches
  10 goblins
  8 hobgoblins
  7 jackals (D:3)
  9 kobolds
  A quokka (D:3)
  A ball python (D:2)
  10 bats
  2 giant newts
  4 rats (D:1)
83 creatures vanquished.

Notes
Turn   | Place    | Note
--------------------------------------------------------------
     0 | D:1      | MDvedh the Kobold Monk began the quest for the Orb.
     0 | D:1      | Reached XP level 1. HP: 14/14 MP: 1/1
   241 | D:1      | Reached XP level 2. HP: 18/19 MP: 2/2
   341 | D:1      | Reached skill level 1 in Short Blades
   445 | D:1      | Reached XP level 3. HP: 12/24 MP: 3/3
   457 | D:1      | Reached skill level 2 in Short Blades
  1016 | D:2      | Reached skill level 3 in Short Blades
  1043 | D:2      | Reached XP level 4. HP: 27/29 MP: 4/4
  1205 | D:2      | Found a faded altar to an unknown god.
  1341 | D:2      | Noticed Robin
  1370 | D:2      | Killed Robin
  1370 | D:2      | Reached skill level 4 in Short Blades
  1453 | D:2      | Reached XP level 5. HP: 33/33 MP: 5/5
  1742 | D:3      | Reached skill level 5 in Short Blades
  1901 | D:3      | Found a bloodstained altar of Trog.
  2091 | D:3      | Found a stormy altar of Qazlal.
  2142 | D:3      | Reached skill level 6 in Short Blades
  2142 | D:3      | Reached XP level 6. HP: 7/38 MP: 6/6
  2756 | D:4      | Killed from afar by an orc priest

Skill      XL: |  1  2  3  4  5 |
---------------+----------------+-----
Short Blades   | 1 3 4 6 |  6.7
Fighting       | |  3.7
Dodging        | |  3.9
Stealth        | |  2.6
Unarmed Combat | |  4.0

Action                   |  1- 3 |  4- 6 || total
-------------------------+-------+-------++-------
Melee: Unarmed           |    27 |       ||    27
       Dagger            |    71 |   248 ||   319
       Punch             |     3 |     8 ||    11
  Use: Scroll            |       |    11 ||    11
 Stab: Sleeping          |     6 |     7 ||    13
       Distracted        |     1 |       ||     1
  Eat: Chunk             |     9 |     8 ||    17
Armor: Robe              |    14 |       ||    14
       Leather armour    |    11 |    59 ||    70
Dodge: Dodged            |   126 |   229 ||   355
